 Dungeon Crawl Stone Soup version 0.28-a0-1404-g4df0f3684d (webtiles) character file.

Game seed: 4529212886461930290

80 ryw the Vexing (level 4, -2/26 HPs)
             Began as a Deep Elf Arcane Marksman on Jan 6, 2022.
             Slain by a killer bee (6 damage)
             ... on level 4 of the Dungeon.
             The game lasted 00:07:54 (3331 turns).

ryw the Vexing (Deep Elf Arcane Marksman)           Turns: 3331, Time: 00:07:54

Health: -2/26      AC:  3    Str:  7    XL:     4   Next: 18%
Magic:  8/8        EV: 12    Int: 18    God:
Gold:   44         SH:  0    Dex: 17    Spells: 5/6 levels left

rFire   . . .      SeeInvis .   a - +0 short sword (freeze)
rCold   . . .      Faith    .   (no shield)
rNeg    . . .      Spirit   .   g - +0 leather armour
rPois   .          Reflect  .   (no helmet)
rElec   .          Harm     .   (no cloak)
rCorr   .          Rampage  .   (no gloves)
Will    .....                   (no boots)
Stlth   +.........              (no amulet)
HPRegen 0.08/turn               (no ring)
MPRegen 0.11/turn               (no ring)

@: lethally poisoned (-2 -> -13), about to teleport
A: no striking features
a: no special abilities


You were on level 4 of the Dungeon.
You visited 1 branch of the dungeon, and saw 4 of its levels.

You collected 44 gold pieces.

Inventory:

Hand Weapons
 a - a +0 short sword of freezing (weapon)
 b - a +0 shortbow
Missiles
 c - 42 arrows
Armour
 d - a +0 robe
 g - a +0 leather armour (worn)
Magical Staves
 i - a staff of fire
Jewellery
 h - a ring of resist corrosion
Potions
 f - a potion of mutation {unknown}


   Skills:
 + Level 1.8 Fighting
 + Level 1.2 Short Blades
 + Level 3.9 Bows
 + Level 3.5 Dodging
 - Level 1.5 Spellcasting
 - Level 4.0 Hexes


You had 5 spell levels left.
You knew the following spells:

 Your Spells              Type           Power      Damage    Failure   Level
a - Slow                  Hex            60%        N/A       5%          1

Your spell library contained the following spells:

 Spells                   Type           Power      Damage    Failure   Level
 Inner Flame              Hex/Fire       8%         N/A       36%         3
 Portal Projectile        Hex/Tloc       16%        N/A       36%         3
 Cause Fear               Hex            7%         N/A       50%         4


Dungeon Overview and Level Annotations

Branches:
Dungeon (4/15)
 Temple: D:4-7

Altars:


Message History

There is an open door here.
Things that are here:
a +0 ring mail; a +0 hand axe; a +0 mace
There is a stone staircase leading down here.
You climb downwards.
There is a stone staircase leading up here.
Unknown command.
Found a leather armour.
Found a stone staircase leading down.
There is a stone staircase leading down here.
Found an escape hatch in the floor.
There is an escape hatch in the floor here. 2 killer bees come into view.
The killer bee buzzes angrily. x2; You hear an angry buzzing noise. x2
The killer bee stings you.
You are poisoned.
The killer bee poisons you!
Unknown command.
You feel very sick. The killer bee barely misses you.
Your +0 short sword of freezing glows with a cold blue light!
a - a +0 short sword of freezing (weapon)
You feel sick. The killer bee stings you.
Unknown command.
Unknown command.
Unknown command.
Unknown command.
As you read the scroll labelled OCUREIF WIXZAUWERPH, it crumbles to dust.
You feel strangely unstable.
It was a scroll of teleportation.
You feel sick. The killer bee stings you.
You are lethally poisoned!
The killer bee poisons you!
You feel very sick. The killer bee stings you.
* * * LOW HITPOINT WARNING * * *
* * * LOW HITPOINT WARNING * * *
You feel very sick.
A killer bee comes into view.
The killer bee stings you.
You die...

#.# #.# #.# #.#
#.# #.# #####n#
#.# #######..
....#.###.#
#.y......
#<.S.##.# #.#
#..r.....# #y#
#.....#### #y#
#o.#.## #@#
...#.# #.#
###...> ####.#
### ## #....#
###>#..########
#...#.......#..
#.#####.........
#...#.......###.
###.#.......#?#.


You could see 3 killer bees.

Vanquished Creatures
  2 adders (D:2)
  A worm (D:3)
  2 dart slugs (D:2)
  8 orcs
  A ball python (D:2)
  2 endoplasms
  6 goblins
  4 hobgoblins
  7 kobolds
  2 quokkas
  3 bats
  A frilled lizard (D:1)
  4 rats
43 creatures vanquished.

Notes
Turn   | Place    | Note
-------+----------+-------------------------------------------
     0 | D:1      | ryw the Deep Elf Arcane Marksman began the quest for the
                  | Orb.
     0 | D:1      | Reached XP level 1. HP: 11/11 MP: 5/5
   274 | D:1      | Reached skill level 1 in Fighting
   412 | D:1      | Found a faded altar of an unknown god.
   425 | D:1      | Reached XP level 2. HP: 15/16 MP: 6/6
  1379 | D:3      | Reached XP level 3. HP: 15/20 MP: 7/7
  2238 | D:2      | Reached skill level 1 in Short Blades
  2484 | D:3      | Reached XP level 4. HP: 18/26 MP: 8/8
  3175 | D:4      | Noticed a necrophage
  3331 | D:4      | Slain by a killer bee

Illustrated notes

Levels and vault maps discovered:
D:1:      dpeg_arrival_subterranean_lakeside_camping, layout_loops_ring,
          ebering_ecumenical_altar_mist, minmay_stone_trees_small
D:2:      layout_loops_ring, minivault_23
D:3:      layout_loops_corners, chequers_mini_garden
D:4:      layout_loops_ring, mainiacjoe_overflow_cross_hatched,
          nicolae_wu_jian_glorious_leap, serial_glass, glass_columns_a,
          glass_columns_c, item_on_display_a

Skill      XL: |  1  2  3 |
---------------+----------+-----
Fighting       | 1 |  1.8
Bows           | 3 |  3.9
Dodging        | 3 |  3.5
Short Blades   | 1 |  1.2
Spellcasting   | |  1.5
Hexes          | |  4.0

Action                   |  1- 3 |  4- 6 || total
-------------------------+-------+-------++-------
Melee: Short sword       |    49 |     7 ||    56
       Punch             |     1 |     1 ||     2
 Fire: Shortbow          |    99 |    19 ||   118
 Cast: Slow              |     8 |     4 ||    12
  Use: Scroll            |     2 |     1 ||     3
       Potion            |     2 |       ||     2
Armor: Robe              |    14 |       ||    14
       Leather armour    |     1 |     1 ||     2
Dodge: Dodged            |    77 |    12 ||    89

Table legend: (Time is in decaauts)
 A = Elapsed time spent in this place.
 B = Non-inter-level travel time spent in this place.
 C = Inter-level travel time spent in this place.
 D = Time resting spent in this place.
 E = Time spent auto-exploring this place.
 F = Levels seen in this place.
 G = Mean time per level.
                   A        B        C        D        E       F      G
               +--------+--------+--------+--------+--------+-----+--------+
         Total |   3344 |   3251 |     93 |   1009 |   1463 |   4 |  836.0 |
       Dungeon |   3344 |   3251 |     93 |   1009 |   1463 |   4 |  836.0 |
               +--------+--------+--------+--------+--------+-----+--------+

Top non-repeatable levels by time:
     D:3: 1512 daAuts
     D:2: 1095 daAuts
     D:1: 634 daAuts
     D:4: 102 daAuts
